 Dungeon Crawl Stone Soup version 0.25.0-11-g1f837a76a1 (webtiles) character file.

Game seed: 13685528480915864105

195 mandick the Shield-Bearer (level 5, -6/37 HPs)
             Began as an Octopode Fighter on June 26, 2020.
             Mangled by a phantom (9 damage)
             ... on level 4 of the Dungeon.
             The game lasted 00:06:56 (3745 turns).

mandick the Shield-Bearer (Octopode Fighter)        Turns: 3745, Time: 00:06:57

Health: -6/37      AC:  1    Str: 16    XL:     5   Next: 74%
Magic:  5/5        EV: 12    Int: 11    God:
Gold:   250        SH:  9    Dex: 11    Spells: 4/4 levels left

rFire    . . .     SeeInvis .   a - +0 long sword
rCold    . . .     Gourm    .   b - +0 kite shield
rNeg     . . .     Faith    .   (helmet restricted)
rPois    .         Spirit   .   (no amulet)
rElec    .         Reflect  .   (no ring)
rCorr    .         Harm     .   (no ring)
MR       .....                  (no ring)
Stlth    ++........             (no ring)
HPRegen  0.12/turn              (no ring)
MPRegen  0.09/turn              (no ring)
                                (no ring)
                                (no ring)

@: no status effects
A: almost no armour, stealthy swim, amphibious, 8 rings, constrict 8, camouflage
1, gelatinous body 1
a: no special abilities


You were on level 4 of the Dungeon.
You were not hungry.

You visited 1 branch of the dungeon, and saw 4 of its levels.

You collected 250 gold pieces.

Inventory:

Hand Weapons
 a - a +0 long sword (weapon)
 f - a cursed -1 dagger
 h - a +3 whip of flaming
 w - a +0 hand axe of electrocution
Missiles
 g - 2 throwing nets (quivered)
 n - 21 poisoned darts
Armour
 b - a +0 kite shield (worn)
Scrolls
 e - 2 scrolls of teleportation {unknown}
 l - 5 scrolls of identify {unknown}
 o - 2 scrolls of remove curse {unknown}
 p - a scroll of enchant armour {unknown}
 q - a scroll of noise {unknown}
 r - 3 scrolls of enchant weapon {unknown}
 s - a scroll of immolation {unknown}
 x - 3 scrolls of fog {unknown}
 y - a scroll of magic mapping {unknown}
Potions
 c - a potion of might
 i - 2 potions of flight {unknown}
 j - a potion of haste {unknown}
 k - 2 potions of ambrosia {unknown}
 m - a potion of lignification {unknown}
 u - 2 potions of cancellation {unknown}
 v - a potion of curing {unknown}
Comestibles
 d - 3 rations


   Skills:
 + Level 4.0 Fighting
 - Level 2.0 Long Blades
 + Level 4.1 Dodging
 - Level 1.0 Stealth
 * Level 4.6 Shields


You had 4 spell levels left.
You didn't know any spells.
Your spell library was empty.

Dungeon Overview and Level Annotations

Branches:
Dungeon (4/15)
 Temple: D:4-7

Altars:
Elyvilon
Hepliaklqana
Zin

Shops:
D:4 }


Innate Abilities, Weirdness & Mutations

You cannot wear most types of armour.
You are very stealthy in the water. (Stealth+)
You are amphibious.
You can wear up to eight rings at the same time.
You can use your tentacles to constrict eight enemies at once.
Your skin changes colour to match your surroundings (Stealth+).
Your rubbery body absorbs attacks. (AC +1, EV +1)


Message History

You miss the phantom.
The phantom is severely damaged.
The phantom blinks!
Found an escape hatch in the floor.
You closely miss the phantom.
The phantom is severely damaged.
The phantom blinks!
The phantom hits you.
* * * LOW HITPOINT WARNING * * *
You barely miss the phantom.
The phantom is severely damaged.
The phantom blinks!
You barely miss the phantom.
The phantom is severely damaged.
The phantom hits you!
* * * LOW HITPOINT WARNING * * *
There is a stone staircase leading up here.
You closely miss the phantom.
The phantom is heavily damaged.
The phantom hits you!
You die...

... #.##.####
..>.....#
#.##.##.#
#.##.##.#
#.##.##.#
#.##.##.#
#.##.##.##.######
#.##.#..W@........
#.##....##.#######
#.##........#
#.###...##.....
#.##.....#.####
#######.##.###.#.#
#..........###...#
#.########.....###
#.# #......#


You could see a phantom.

Vanquished Creatures
  An orc wizard (D:3)
  2 adders (D:2)
  4 gnolls (D:3)
  An ooze (D:4)
  An adder skeleton (D:3)
  3 worms
  4 dart slugs
  4 leopard geckos
  5 orcs (D:3)
  9 bats
  4 giant cockroaches
  10 goblins
  6 hobgoblins
  5 jackals
  11 kobolds
  3 frilled lizards
  9 rats
82 creatures vanquished.

Notes
Turn   | Place    | Note
-------+----------+-------------------------------------------
     0 | D:1      | mandick the Octopode Fighter began the quest for the Orb.
     0 | D:1      | Reached XP level 1. HP: 16/16 MP: 1/1
   109 | D:1      | Reached XP level 2. HP: 18/21 MP: 2/2
   863 | D:1      | Reached XP level 3. HP: 18/26 MP: 3/3
  1466 | D:2      | Reached skill level 1 in Stealth
  1665 | D:2      | Reached XP level 4. HP: 31/31 MP: 4/4
  2232 | D:2      | Found a white marble altar of Elyvilon.
  2353 | D:3      | Reached XP level 5. HP: 4/37 MP: 5/5
  3010 | D:3      | Found a hazy altar of Hepliaklqana.
  3225 | D:3      | Found a glowing silver altar of Zin.
  3493 | D:4      | Found Gemm's Gadget Boutique.
  3507 | D:4      | Noticed a phantom
  3745 | D:4      | Mangled by a phantom

Illustrated notes

Levels and vault maps discovered:
D:1:      dpeg_arrival_rooms_with_view, layout_basic
D:2:      layout_loops_ring, marbit_many_paths
D:3:      layout_rooms, nicolae_overflow_hidden_temple
D:4:      layout_loops_ring, minmay_temple_entry_antechambers, enter_ossuary_2,
          serial_shops, shop_fountains, shop_statue, shop, shop_statue

Skill      XL: |  1  2  3  4  5 |
---------------+----------------+-----
Stealth        | 1 |  1.0
Shields        | 4 |  4.6
Dodging        | 4 |  4.1
Fighting       | 4 |  4.0
Long Blades    | |  2.0

Action                   |  1- 3 |  4- 6 || total
-------------------------+-------+-------++-------
Melee: Long sword        |    69 |   107 ||   176
       Constrict         |    17 |    34 ||    51
       Tentacles         |    14 |    21 ||    35
Throw: Throwing net      |       |     1 ||     1
 Stab: Sleeping          |     8 |     3 ||    11
       Held in net/web   |       |     1 ||     1
       Distracted        |       |     1 ||     1
  Eat: Chunk             |     2 |     7 ||     9
Armor: Skin              |    12 |     8 ||    20
Dodge: Dodged            |    33 |    46 ||    79
Block: Kite shield       |    32 |    50 ||    82
       Rpst.: Long sword |     9 |    15 ||    24
